 Dungeon Crawl Stone Soup version 0.21.1-1-g345015f (webtiles) character file.

224 Limpidissima the Skirmisher (level 5, -1/47 HPs)
             Began as a Draconian Monk on July 18, 2018.
             Succumbed to an orc's poison
             ... on level 3 of the Dungeon.
             The game lasted 00:10:46 (2860 turns).

Limpidissima the Skirmisher (Draconian Monk)        Turns: 2860, Time: 00:10:46

Health: -1/47      AC:  6    Str: 12 (15) XL:     5   Next: 67%
Magic:  2/5        EV: 13    Int:  9 (12) God:
Gold:   112        SH:  0    Dex: 10 (13) Spells: 4/4 levels left

rFire    . . .     SeeInvis .     - Unarmed
rCold    . . .     Gourm    .   (no shield)
rNeg     + . .     Faith    .   (armour unavailable)
rPois    .         Spirit   +   (helmet restricted)
rElec    .         Reflect  .   (no cloak)
rCorr    .         Harm     .   (no gloves)
MR       .....                  (no boots)
Stlth    ++........             h - amulet of guardian spirit
HPRegen  0.15/turn              c - ring of positive energy
MPRegen  0.09/turn              (no ring)

@: lethally poisoned (-1 -> -38)
A: unfitting armour, high mp 1, shaggy fur 1, strong 1, cold-blooded, AC +5
a: no special abilities


You were on level 3 of the Dungeon.
You were not hungry.

You visited 1 branch of the dungeon, and saw 3 of its levels.

You collected 112 gold pieces.

Inventory:

Jewellery
 c - a ring of positive energy (left hand)
 h - an amulet of guardian spirit (around neck)
Scrolls
 b - 4 scrolls of identify
 d - 2 scrolls of remove curse
 e - a scroll of enchant weapon {unknown}
 f - a scroll of teleportation {unknown}
 g - a scroll of fear {unknown}
 j - a scroll of magic mapping {unknown}
 m - a scroll of random uselessness {unknown}
Potions
 i - a potion of agility
 k - a potion of degeneration
Comestibles
 a - 6 rations
 l - a chunk of flesh


   Skills:
 + Level 4.9 Fighting
 + Level 4.0 Dodging
 - Level 1.7 Stealth
 + Level 4.3 Unarmed Combat


You had 4 spell levels left.
You didn't know any spells.

Dungeon Overview and Level Annotations

Branches:
Dungeon (3/15)

Altars:


Innate Abilities, Weirdness & Mutations

Your plain brown scales are hard. (AC +5)
You cannot fit into any form of body armour.
You are cold-blooded and may be slowed by cold attacks.
You have an increased reservoir of magic. (+10% MP)
You are covered in fur. (AC +1)
Your muscles are strong. (Str +2)


Message History

You hit the orc wizard but do no damage.
The orc wizard is almost dead.
* * * LOW HITPOINT WARNING * * *
You feel very sick. The orc hits you but does no damage.
The orc completely misses you.
You barely miss the orc wizard.
The orc wizard is almost dead.
* * * LOW HITPOINT WARNING * * *
You feel sick.
The orc wizard hits you with a dagger of protection.
* * * LOW HITPOINT WARNING * * *
The orc hits you.
* * * LOW HITPOINT WARNING * * *
The orc hits you with a trident of venom.
* * * LOW HITPOINT WARNING * * *
You are more poisoned.
It was a potion of degeneration.
There was something very wrong with that liquid.
You feel weakened.
You feel dopey.
You feel clumsy.
You die...

### #.# #.#
######.#######.##
#................#
.>#####...(.####
#####.# #.# #
#.#####..#
#..o@....#
#..o#o...#
#..#.#...#
#.$#._.#..#
......#.#...#
#####.. #....#
#... ....# ####
#...# ####


You could see an orc wizard and 2 orcs.

Vanquished Creatures
  An ogre (D:3)
  Terence (D:2)
  4 adders
  3 gnolls (D:3)
  3 worms (D:2)
  2 leopard geckos
  3 orcs (D:3)
  A giant cockroach (D:1)
  6 hobgoblins
  A quokka (D:3)
  A ball python (D:3)
  9 bats
  A frilled lizard (D:1)
  4 goblins
  8 kobolds
  7 rats (D:1)
55 creatures vanquished.

Notes
Turn   | Place    | Note
-------+----------+-------------------------------------------
     0 | D:1      | Limpidissima the Draconian Monk began the quest for the Orb.
     0 | D:1      | Reached XP level 1. HP: 19/19 MP: 1/1
   376 | D:1      | Reached XP level 2. HP: 23/26 MP: 2/2
  1159 | D:2      | Noticed Terence
  1212 | D:2      | Killed Terence
  1212 | D:2      | Reached XP level 3. HP: 27/33 MP: 3/3
  1552 | D:2      | Reached XP level 4. HP: 23/40 MP: 2/4
  1718 | D:2      | Gained mutation: You have an increased reservoir of magic. (+10% MP) [potion of mutation]
  1718 | D:2      | Gained mutation: You are covered in fur. (AC +1) [potion of mutation]
  1718 | D:2      | Gained mutation: Your muscles are strong. (Str +2) [potion of mutation]
  2312 | D:3      | Noticed an ogre
  2321 | D:3      | Killed an ogre
  2321 | D:3      | Reached XP level 5. HP: 8/47 MP: 0/5
  2842 | D:3      | Found a faded altar of an unknown god.
  2859 | D:3      | HP: 2/47 [orc/trident of venom (2)]
  2860 | D:3      | Succumbed to an orc's poison

Skill      XL: |  1  2  3  4  5 |
---------------+----------------+-----
Dodging        | 3 4 |  4.0
Fighting       | 4 |  4.9
Unarmed Combat | 4 |  4.3
Stealth        | |  1.7

Action                   |  1- 3 |  4- 6 || total
-------------------------+-------+-------++-------
Melee: Unarmed           |   146 |   111 ||   257
       Tailslap          |    19 |    18 ||    37
       Punch             |       |     4 ||     4
  Use: Potion            |     1 |     2 ||     3
       Scroll            |       |     2 ||     2
 Stab: Sleeping          |     1 |       ||     1
  Eat: Chunk             |     2 |     4 ||     6
       Ration            |       |     1 ||     1
Armor: Skin              |    38 |    28 ||    66
Dodge: Dodged            |   107 |    71 ||   178
